TOP OF THE 1ST |
Louisville Bats batting - Pitching for Utica Unicorns : RHP Alberto Parra
|
Pitching: RHP Alberto Parra
|
|
Batting: SHB Dave Henley
|
0-0: Foul Ball, location: 2F 0-1: Ball 1-1: Ball 2-1: SINGLE (Groundball, 56D)
|
Batting: LHB Héctor Rentería
|
0-0: Ball 1-0: Ball 2-0: Ball 3-0: Swinging Strike 3-1: Fielders Choice at 2nd, 5-4 (Groundball, 56)
|
Batting: LHB Eduardo Gómez
|
0-0: Ball 1-0: Ball 2-0: Ball 3-0: Called Strike 3-1: Grounds into double play, 4-6-3 (Groundball, 4)
|
Top of the 1st over - 0 runs, 1 hit, 0 errors, 0 left on base; Louisville 0 - Utica 0 |
BOTTOM OF THE 1ST |
Utica Unicorns batting - Pitching for Louisville Bats : RHP Germán Pérez
|
Pitching: RHP Germán Pérez
|
|
Batting: RHB John Jones
|
0-0: Ball 1-0: Ball 2-0: Ground out 6-3 (Groundball, 6S)
|
Batting: LHB Stan Hickman
|
0-0: Ball 1-0: Foul Ball, location: 2F 1-1: Ball 2-1: Foul Ball, location: 2F 2-2: SINGLE (Groundball, 4MD)
|
Batting: RHB Kenny Cole
|
0-0: Called Strike 0-1: SINGLE (Groundball, 34D) - runner OUT being hit by batted ball.
|
Pitching: RHP Valentín Mejía
|
|
Batting: LHB José Román
|
0-0: Ball 1-0: Called Strike 1-1: Ball 2-1: Ball 3-1: Ground out 4-3 (Groundball, 4)
|
Bottom of the 1st over - 0 runs, 2 hits, 0 errors, 1 left on base; Louisville 0 - Utica 0 |
TOP OF THE 2ND |
Louisville Bats batting - Pitching for Utica Unicorns : RHP Alberto Parra
|
Batting: SHB Ryan Roberts
|
0-0: Ground out U3 (Groundball, 3L)
|
Batting: LHB John Horton
|
0-0: Called Strike 0-1: Fly out, F8 (Line Drive, 8LM)
|
Batting: RHB Shawn Marshall
|
0-0: Ball 1-0: Foul Ball, location: 2F 1-1: Swinging Strike 1-2: Strikes out swinging
|
Top of the 2nd over - 0 runs, 0 hits, 0 errors, 0 left on base; Louisville 0 - Utica 0 |
BOTTOM OF THE 2ND |
Utica Unicorns batting - Pitching for Louisville Bats : RHP Valentín Mejía
|
Batting: RHB Morgan Gibbon
|
0-0: Ball 1-0: Ball 2-0: Ground out 3-1 (Groundball, 34S)
|
Batting: SHB Ralph Robison
|
0-0: Fly out, F6 (Line Drive, 6)
|
Batting: RHB Justin Geoghegan
|
0-0: Called Strike 0-1: Ball 1-1: Ball 2-1: Swinging Strike 2-2: Foul Ball, location: 2F 2-2: Strikes out swinging
|
Bottom of the 2nd over - 0 runs, 0 hits, 0 errors, 0 left on base; Louisville 0 - Utica 0 |
TOP OF THE 3RD |
Louisville Bats batting - Pitching for Utica Unicorns : RHP Alberto Parra
|
Batting: SHB Martín Medina
|
0-0: Swinging Strike 0-1: Ball 1-1: Ball 2-1: Bunt for hit - play at first, batter safe!
|
Batting: RHB Roberto Zamora
|
0-0: Called Strike Martín Medina steals 2nd base 0-1: Ball 1-1: Called Strike Martín Medina steals 3rd base 1-2: SINGLE (Groundball, 34D) Martín Medina scores
|
Batting: LHB Jesús Núñez
|
0-0: Ball 1-0: Called Strike 1-1: Ball 2-1: Ball 3-1: Ground out 4-3 (Groundball, 34) Roberto Zamora to second
|
Batting: SHB Dave Henley
|
0-0: Ball 1-0: Fly out, F8 (Flyball, 8LS)
|
Batting: LHB Héctor Rentería
|
0-0: Ball 1-0: Foul Ball, location: 2F 1-1: Foul Ball, location: 2F 1-2: Strikes out swinging
|
Top of the 3rd over - 1 run, 2 hits, 0 errors, 1 left on base; Louisville 1 - Utica 0 |
BOTTOM OF THE 3RD |
Utica Unicorns batting - Pitching for Louisville Bats : RHP Valentín Mejía
|
Batting: RHB Juan Caceres
|
0-0: Ball 1-0: Foul Ball, location: 2F 1-1: Ball 2-1: DOUBLE (Flyball, 78XD)
|
Batting: RHB António Magana
|
0-0: Foul Ball, location: 2F 0-1: Ball 1-1: Called Strike 1-2: Ball 2-2: Ball 3-2: Base on Balls
|
Batting: RHB John Jones
|
0-0: Ball 1-0: Foul Ball, location: 2F 1-1: Called Strike 1-2: Ball 2-2: Ball 3-2: Fly out, F5 (Line Drive, 5)
|
Batting: LHB Stan Hickman
|
0-0: Ball 1-0: Called Strike 1-1: Called Strike 1-2: Strikes out swinging
|
Batting: RHB Kenny Cole
|
0-0: Ball 1-0: Foul Ball, location: 2F 1-1: Ball 2-1: Called Strike 2-2: Foul Ball, location: 2F 2-2: Ball 3-2: Fly out, F6 (Line Drive, 6M)
|
Bottom of the 3rd over - 0 runs, 1 hit, 0 errors, 2 left on base; Louisville 1 - Utica 0 |
TOP OF THE 4TH |
Louisville Bats batting - Pitching for Utica Unicorns : RHP Alberto Parra
|
Batting: LHB Eduardo Gómez
|
0-0: Ball 1-0: Ball 2-0: Ground out 4-3 (Groundball, 4)
|
Batting: SHB Ryan Roberts
|
0-0: Called Strike 0-1: Swinging Strike 0-2: Strikes out swinging
|
Batting: LHB John Horton
|
0-0: Ball 1-0: Fly out, F7 (Flyball, 78S)
|
Top of the 4th over - 0 runs, 0 hits, 0 errors, 0 left on base; Louisville 1 - Utica 0 |
BOTTOM OF THE 4TH |
Utica Unicorns batting - Pitching for Louisville Bats : RHP Valentín Mejía
|
Batting: LHB José Román
|
0-0: Ball 1-0: Ball 2-0: Called Strike 2-1: Ball 3-1: DOUBLE (Line Drive, 7LM)
|
Batting: RHB Morgan Gibbon
|
0-0: Ball 1-0: Ball 2-0: Ball 3-0: Called Strike 3-1: Swinging Strike 3-2: Base on Balls
|
Batting: SHB Ralph Robison
|
0-0: Ball 1-0: Swinging Strike 1-1: Ball 2-1: Ball 3-1: Base on Balls José Román to third Morgan Gibbon to second
|
Batting: RHB Justin Geoghegan
|
0-0: Called Strike 0-1: Foul Ball, location: 2F 0-2: Strikes out swinging
|
Batting: RHB Juan Caceres
|
0-0: Foul Ball, location: 2F 0-1: Ball 1-1: Ball 2-1: GRAND SLAM HOME RUN (Flyball, 89XD), Distance : 399 ft
|
Batting: RHB António Magana
|
0-0: Foul Ball, location: 2F 0-1: Ball 1-1: Ball 2-1: Foul Ball, location: 2F 2-2: Foul Ball, location: 2F 2-2: Ball 3-2: Base on Balls
|
Pitching: LHP Dave Carbone
|
|
Batting: RHB John Jones
|
0-0: Ball 1-0: Called Strike 1-1: SINGLE (Groundball, 6D) António Magana to second
|
Batting: LHB Stan Hickman
|
0-0: Ball 1-0: SINGLE (Groundball, 6D) António Magana to third John Jones to second Runner from 3rd tries for Home, SAFE, no throw
|
Batting: RHB Kenny Cole
|
0-0: Ball 1-0: Fly out, F7 (Flyball, 78M)
|
Batting: LHB José Román
|
0-0: Ball 1-0: Foul Ball, location: 2F 1-1: Foul Ball, location: 2F 1-2: Ball 2-2: 3-RUN HOME RUN (Flyball, 9LD), Distance : 368 ft
|
Batting: RHB Morgan Gibbon
|
0-0: Called Strike 0-1: Fly out, F9 (Flyball, 9LSF)
|
Bottom of the 4th over - 8 runs, 5 hits, 0 errors, 0 left on base; Louisville 1 - Utica 8 |
TOP OF THE 5TH |
Louisville Bats batting - Pitching for Utica Unicorns : RHP Alberto Parra
|
Batting: RHB Shawn Marshall
|
0-0: Foul Ball, location: 2F 0-1: Ball 1-1: Swinging Strike 1-2: Ball 2-2: Foul Ball, location: 2F 2-2: Foul Ball, location: 2F 2-2: Foul Ball, location: 2F 2-2: Strikes out swinging
|
Batting: SHB Martín Medina
|
0-0: Called Strike 0-1: Swinging Strike 0-2: Ground out U3 (Groundball, 34)
|
Batting: RHB Roberto Zamora
|
0-0: Called Strike 0-1: Swinging Strike 0-2: Strikes out swinging
|
Top of the 5th over - 0 runs, 0 hits, 0 errors, 0 left on base; Louisville 1 - Utica 8 |
BOTTOM OF THE 5TH |
Utica Unicorns batting - Pitching for Louisville Bats : LHP Dave Carbone
|
Batting: SHB Ralph Robison
|
0-0: Ball 1-0: Foul Ball, location: 2F 1-1: Swinging Strike 1-2: SINGLE (Groundball, 3D)
|
Pitching: RHP Juan Contreras
|
|
Batting: RHB Justin Geoghegan
|
0-0: Ball 1-0: Ground out 3-1 (Groundball, 23) Ralph Robison to second
|
Batting: RHB Juan Caceres
|
0-0: Called Strike 0-1: Ground out 5-3 (Groundball, 56)
|
Batting: RHB António Magana
|
0-0: Ball 1-0: Ball 2-0: Foul Ball, location: 2F 2-1: Ball Wild Pitch! Ralph Robison to third 3-1: Foul Ball, location: 2F 3-2: Foul Ball, location: 2F 3-2: Foul Ball, location: 2F 3-2: Base on Balls
|
Batting: RHB John Jones
|
0-0: Swinging Strike 0-1: DOUBLE (Flyball, 8LXD) Ralph Robison scores António Magana to third
|
Batting: LHB Stan Hickman
|
0-0: Ball 1-0: Called Strike 1-1: SINGLE (Groundball, 34S) (infield hit) António Magana scores John Jones to third
|
Batting: RHB Kenny Cole
|
0-0: Called Strike 0-1: Foul Ball, location: 2F 0-2: SINGLE (Line Drive, 3) John Jones scores Stan Hickman to second Runner from 2nd tries for 3rd, SAFE, no throw
|
Pinch Runner at 3rd José Velázquez:
|
|
Batting: LHB José Román
|
0-0: Ball 1-0: Called Strike 1-1: Ball 2-1: Ball 3-1: Fly out, F5 (Popup, 56)
|
Bottom of the 5th over - 3 runs, 4 hits, 0 errors, 2 left on base; Louisville 1 - Utica 11 |
TOP OF THE 6TH |
Louisville Bats batting - Pitching for Utica Unicorns : RHP Alberto Parra
|
Batting: LHB Jesús Núñez
|
0-0: Called Strike 0-1: SINGLE (Groundball, 34D)
|
Batting: SHB Dave Henley
|
0-0: Ball 1-0: Fly out, F4 (Popup, 4D)
|
Batting: LHB Héctor Rentería
|
0-0: Ball 1-0: Swinging Strike 1-1: Fielders Choice at 2nd, 3-6 (Groundball, 3)
|
Batting: LHB Eduardo Gómez
|
0-0: Ball 1-0: Foul Ball, location: 2F 1-1: Ball 2-1: SINGLE (Flyball, 8RS) Héctor Rentería to second Runner from 2nd tries for 3rd, SAFE, no throw
|
Batting: SHB Ryan Roberts
|
0-0: Ball 1-0: Called Strike 1-1: Foul Ball, location: 2F 1-2: Foul Ball, location: 2F 1-2: Strikes out swinging
|
Top of the 6th over - 0 runs, 2 hits, 0 errors, 2 left on base; Louisville 1 - Utica 11 |
BOTTOM OF THE 6TH |
Utica Unicorns batting - Pitching for Louisville Bats : RHP Juan Contreras
|
Batting: RHB Morgan Gibbon
|
0-0: Foul Ball, location: 2F 0-1: Ground out 4-3 (Groundball, 4)
|
Batting: SHB Ralph Robison
|
0-0: Ball 1-0: Ball 2-0: Foul Ball, location: 2F 2-1: Foul Ball, location: 2F 2-2: Strikes out swinging
|
Batting: RHB Justin Geoghegan
|
0-0: Ball 1-0: Swinging Strike 1-1: Foul Ball, location: 2F 1-2: Ball 2-2: SINGLE (Groundball, 4MD)
|
Batting: RHB Juan Caceres
|
0-0: Fielders Choice at 2nd, 6-4 (Groundball, 6)
|
Bottom of the 6th over - 0 runs, 1 hit, 0 errors, 1 left on base; Louisville 1 - Utica 11 |
TOP OF THE 7TH |
Louisville Bats batting - Pitching for Utica Unicorns : RHP Alberto Parra
|
Batting: LHB John Horton
|
0-0: Ground out 6-3 (Groundball, 6)
|
Batting: RHB Shawn Marshall
|
0-0: Foul Ball, location: 2F 0-1: Fly out, F7 (Flyball, 7S)
|
Batting: SHB Martín Medina
|
0-0: Called Strike 0-1: Foul Ball, location: 2F 0-2: Ball 1-2: Strikes out swinging
|
Top of the 7th over - 0 runs, 0 hits, 0 errors, 0 left on base; Louisville 1 - Utica 11 |
BOTTOM OF THE 7TH |
Utica Unicorns batting - Pitching for Louisville Bats : RHP Juan Contreras
|
Batting: RHB António Magana
|
0-0: Ball 1-0: Called Strike 1-1: Foul Ball, location: 2F 1-2: SINGLE (Groundball, 3D)
|
Batting: RHB John Jones
|
0-0: Ball 1-0: Fly out, F5 (Line Drive, 56)
|
Batting: RHB José Velázquez
|
0-0: Swinging Strike 0-1: Ball 1-1: Ball 2-1: Fly out, F7 (Line Drive, 7)
|
Batting: RHB Kenny Cole
|
0-0: Ball 1-0: Ball 2-0: Called Strike 2-1: Foul Ball, location: 2F 2-2: SINGLE (Groundball, 4D) António Magana to second Runner from 2nd tries for 3rd, SAFE, no throw
|
Batting: LHB José Román
|
0-0: Ball 1-0: Fielders Choice at 2nd, 6-4 (Groundball, 6)
|
Bottom of the 7th over - 0 runs, 2 hits, 0 errors, 2 left on base; Louisville 1 - Utica 11 |
TOP OF THE 8TH |
Louisville Bats batting - Pitching for Utica Unicorns : RHP Alberto Parra
|
Batting: RHB Roberto Zamora
|
0-0: Ball 1-0: Called Strike 1-1: Ball 2-1: Foul Ball, location: 2F 2-2: SINGLE (Line Drive, 6M)
|
Batting: LHB Jesús Núñez
|
0-0: Called Strike 0-1: Ball 1-1: Ball 2-1: Foul Ball, location: 2F 2-2: Ground out 5-3 (Groundball, 5S) Roberto Zamora to second
|
Batting: SHB Dave Henley
|
0-0: Ball 1-0: Called Strike 1-1: Called Strike 1-2: Ground out 6-3 (Groundball, 6)
|
Batting: LHB Héctor Rentería
|
0-0: Fly out, F8 (Flyball, 8RD)
|
Top of the 8th over - 0 runs, 1 hit, 0 errors, 1 left on base; Louisville 1 - Utica 11 |
BOTTOM OF THE 8TH |
Utica Unicorns batting - Pitching for Louisville Bats : RHP Juan Contreras
|
Pitching: RHP Tony Henderson
|
|
Batting: RHB Morgan Gibbon
|
0-0: Ground out U3 (Groundball, 3)
|
Batting: SHB Ralph Robison
|
0-0: Called Strike 0-1: Foul Ball, location: 2F 0-2: Ball 1-2: Strikes out swinging
|
Batting: RHB Justin Geoghegan
|
0-0: Foul Ball, location: 2F 0-1: Ball 1-1: Hit by Pitch
|
Batting: RHB Juan Caceres
|
0-0: Foul Ball, location: 2F 0-1: Called Strike 0-2: Foul Ball, location: 2F 0-2: Ball 1-2: Hit by Pitch Justin Geoghegan to second
|
Pinch Runner at 1st Raúl Morales:
|
|
Batting: RHB António Magana
|
|
Pinch Hitting: RHB Micheal Banks
|
0-0: Swinging Strike 0-1: Called Strike 0-2: Strikes out swinging
|
Bottom of the 8th over - 0 runs, 0 hits, 0 errors, 2 left on base; Louisville 1 - Utica 11 |
TOP OF THE 9TH |
Louisville Bats batting - Pitching for Utica Unicorns : RHP Alberto Parra
|
Now at 3B: Raúl Morales
|
|
Now in RF: José Flores
|
|
Batting: LHB Eduardo Gómez
|
0-0: Foul Ball, location: 2F 0-1: Ground out 6-3 (Groundball, 6)
|
Batting: SHB Ryan Roberts
|
0-0: Called Strike 0-1: Swinging Strike 0-2: Ball 1-2: Ball 2-2: Foul Ball, location: 2F 2-2: SINGLE (Flyball, 9S)
|
Batting: LHB John Horton
|
0-0: Called Strike 0-1: Grounds into double play, 1-4-3 (Groundball, 15)
|
Top of the 9th over - 0 runs, 1 hit, 0 errors, 0 left on base; Louisville 1 - Utica 11 |
|